 Dungeon Crawl Stone Soup version 0.31-a0-188-g5e087ee2ca (webtiles) character file.

Game seed: 10447210694001604277

14 qw the Shooter (level 2, -1/16 HPs)
             Began as a Deep Elf Hunter on June 22, 2023.
             Slain by a gnoll
             ... wielding a +0 flail
              (8 damage)
             ... on level 1 of the Dungeon.
             The game lasted 00:00:11 (998 turns).

qw the Shooter (Deep Elf Hunter)                     Turns: 998, Time: 00:00:12

Health: -1/16      AC:  5    Str:  8    XL:     2   Next: 31%
Magic:  4/4        EV: 10    Int: 13    God:
Gold:   26         SH:  0    Dex: 18    Spells: 1/1 levels left

rFire   . . .        Y - +0 shortbow
rCold   . . .        (shield currently unavailable)
rNeg    . . .        e - +0 ring mail
rPois   .            (no helmet)
rElec   .            (no cloak)
rCorr   .            (no gloves)
SInv    .            (no boots)
Will    .....        (no amulet)
Stlth   +            (no ring)
HPRegen 0.22/turn    (no ring)
MPRegen 0.09/turn

%: no passive effects
@: no status effects
A: no striking features
a: no special abilities


You were on level 1 of the Dungeon.
You visited 1 branch of the dungeon, and saw 2 of its levels.

You collected 26 gold pieces.


   Skills:
 - Level 1.5 Fighting
 + Level 6.1 Ranged Weapons
 - Level 2.4 Dodging
 - Level 1.2 Stealth


You had one spell level left.
You didn't know any spells.
Your spell library was empty.

Inventory:

Hand Weapons
 Y - a +0 shortbow (weapon)
Armour
 e - a +0 ring mail (worn)

Dungeon Overview and Level Annotations

Branches:
Dungeon (2/15)

Altars:


Message History

The quokka barely misses you.
You shoot an arrow. The arrow hits the quokka.
The quokka is moderately wounded.
The quokka bites you.
A gnoll comes into view. It is wielding a +0 club.
984 ||| STAIRDANCE The quokka barely misses you.
The quokka bites you but does no damage.
You climb upwards.
There is a stone staircase leading down here.
You shoot an arrow. The arrow hits the quokka.
The quokka is severely wounded.
The quokka completely misses you.
You shoot an arrow.
The arrow hits the quokka but does no damage.
The quokka is severely wounded.
The quokka barely misses you.
The quokka bites you but does no damage.
You shoot an arrow. The arrow barely misses the quokka.
The quokka closely misses you.
You shoot an arrow. The arrow hits the quokka.
You kill the quokka!
You start resting.
HP restored.
Done exploring.
(D) Dungeon
Where to? (* - list waypoints, Enter - D:2, ? - help)
What level of the Dungeon? (default 1, ? - help)
You climb downwards.
The gnoll misses you.
A dart slug comes into view.
The gnoll hits you with a +0 flail.
There is a stone staircase leading up, spattered with blood here.
996 ||| STAIRDANCE The gnoll hits you with a +0 flail.
You climb upwards.
There is a stone staircase leading down here.
You shoot an arrow. The arrow barely misses the gnoll.
The gnoll hits you with a +0 flail!
Ouch! That really hurt!
You die...

................######.#.######..
.###.###...........###...........
.777.# #.................######..
...7.###.###.##.#................
PP........##.....................
.P.P.###..#####.#..###...#######.
7P.7.#...................#####...
.....#....#####..................
###.............@........#####...
##.#......##.##g.#.....#.......
#.#...................#.##.#..
#.#.#################.#.......
####.#.#~~~~~~~~~~~~~~~#.#..#.#..
#......#~~~~~.....~~~~~#.#..#.#.#
#.##.#.#~~....~~~....~~#.#..#.#..
#.##.#.#~...~~~.~~~...~#....#.###
7.##.#.....~~~.<..~~..~####.#.#..


You could see a gnoll.

Vanquished Creatures
  3 ball pythons (D:1)
  A bat (D:1)
  An endoplasm (D:1)
  A giant cockroach (D:1)
  2 goblins (D:1)
  A hobgoblin (D:1)
  A quokka (D:1)
  A frilled lizard (D:1)
  A kobold (D:1)
12 creatures vanquished.

Notes
Turn   | Place    | Note
-------+----------+-------------------------------------------
     0 | D:1      | qw the Deep Elf Hunter began the quest for the Orb.
     0 | D:1      | Reached XP level 1. HP: 12/12 MP: 3/3
     0 | D:1      | 0 ||| qw: Version: 0.3-a-9-g12657ce
     0 | D:1      | 0 ||| qw: Game counter: 2851
     0 | D:1      | 0 ||| qw: Always use a shield: true
     0 | D:1      | 0 ||| qw: God list: Okawaru
     0 | D:1      | 0 ||| qw: Allow faded altars: false
     0 | D:1      | 0 ||| qw: Do Orc after D:15 true
     0 | D:1      | 0 ||| qw: Do second Lair branch before Depths: true
     0 | D:1      | 0 ||| qw: Lair rune preference: random
     0 | D:1      | 0 ||| qw: Plans: Normal
     0 | D:1      | 0 ||| PLANNING D:1-11
   396 | D:1      | Reached XP level 2. HP: 15/16 MP: 4/4
   401 | D:1      | Reached skill level 6 in Ranged Weapons
   936 | D:1      | 936 ||| UPGRADING to +0 ring mail.
   946 | D:1      | 946 ||| DROPPING +0 leather armour.
   947 | D:1      | 947 ||| READING scroll labelled XURATSAKHLO.
   948 | D:1      | 948 ||| READING 2 scrolls labelled FATACE QEUMU.
   949 | D:1      | 949 ||| READING scroll labelled YTEWAIF YSACH.
   954 | D:1      | 954 ||| DROPPING scroll of butterflies.
   955 | D:1      | 955 ||| DROPPING scroll of revelation.
   984 | D:2      | 984 ||| STAIRDANCE
   996 | D:2      | 996 ||| STAIRDANCE
   998 | D:1      | Slain by a gnoll

Levels and vault maps discovered:
D:1:      dpeg_arrival_shrine, layout_basic, serial_forest,
          infiniplex_forest_clump_diagonal, infiniplex_forest_clump_tiny,
          infiniplex_forest_join, infiniplex_forest_straight_2,
          infiniplex_forest_clump_double, infiniplex_forest_corner_1,
          infiniplex_forest_end_1, infiniplex_forest_clump_small, moated_statue
D:2:      wander_river, layout_rooms, minmay_randomly_rotated_circles

Skill      XL: |  1  2 |
---------------+-------+-----
Ranged Weapons | 6 |  6.1
Fighting       | |  1.5
Dodging        | |  2.4
Stealth        | |  1.2

Action                     || total
---------------------------++-------
   Fire: Shortbow          ||    32
    Use: Scroll            ||     3
 Armour: Ring mail         ||     2
         Leather armour    ||     1
  Dodge: Dodged            ||     6

Table legend:
 A = Non-vault XP
 B = Vault XP
 C = Vault XP percentage of total XP
 D = Non-vault monster count
 E = Vault monster count
 F = Vault count percentage of total count
                 A         B        C        D         E       F
            +---------+---------+-------+---------+---------+-------
      Total |      21 |       0 |   0.0 |      12 |       0 |   0.0
            +---------+---------+-------+---------+---------+-------
        D:1 |      21 |       0 |   0.0 |      12 |       0 |   0.0
            +---------+---------+-------+---------+---------+-------
